 Dungeon Crawl Stone Soup version 0.30-b1-2-g02819fbbbe (webtiles) character file.

Game seed: 5551636217713782731

977 raph the Geomancer (level 8, 0/41 HPs)
             Began as a Gargoyle Earth Elementalist on May 20, 2023.
             Was an Initiate of Elyvilon.
             Shot with an arrow by a centaur (3 damage)
             ... on level 5 of the Dungeon.
             The game lasted 00:08:52 (6551 turns).

raph the Geomancer (Gargoyle Earth Elementalist)    Turns: 6551, Time: 00:08:53

Health: 0/41       AC: 11    Str: 11    XL:     8   Next: 17%
Magic:  8/20       EV: 11    Int: 19    God:    Elyvilon [......]
Gold:   97         SH:  0    Dex: 10    Spells: 5/11 levels left

rFire   . . .        k - staff of conjuration
rCold   . . .        (no shield)
rNeg    + . .        a - +0 robe
rPois   ∞            f - +2 helmet
rElec   +            (no cloak)
rCorr   +            (no gloves)
SInv    .            l - +0 pair of boots
Will    .....        (no amulet)
Stlth   ++           o - ring of resist corrosion
HPRegen 0.26/turn    u - ring of magical power
MPRegen 0.17/turn

%: no passive effects
@: mighty, about to teleport, studying Ranged Weapons
A: sickness immunity, AC +5, negative energy resistance 1, electricity
resistance, torment resistance 1, petrification resistance
a: Renounce Religion


You were on level 5 of the Dungeon.
You worshipped Elyvilon.
Elyvilon was noncommittal.
You visited 1 branch of the dungeon, and saw 5 of its levels.

You collected 317 gold pieces.
You spent 220 gold pieces at shops.

Inventory:

Hand Weapons
 c - a +1 mace
 p - a +0 shortbow
 s - a +0 quarterstaff
Armour
 a - a +0 robe (worn)
 f - a +2 helmet (worn)
 l - a +0 pair of boots (worn)
Magical Staves
 k - a staff of conjuration (weapon)
Jewellery
 o - a ring of resist corrosion (left hand)
 u - a ring of magical power (right hand)
Wands
 q - a wand of roots (10)
 t - a wand of flame (31)
Potions
 b - a potion of magic
 g - 2 potions of flight
 h - 4 potions of attraction
 i - a potion of haste {unknown}
 m - a potion of ambrosia {unknown}
 n - 3 potions of brilliance
 r - 2 potions of curing {unknown}


   Skills:
 - Level 1.5 Dodging
 - Level 2.1 Stealth
 - Level 2.0 Spellcasting
 + Level 6.1 Conjurations
 - Level 0.7 Transmutations
 + Level 9.3 Earth Magic


You had 5 spell levels left.
You knew the following spells:

 Your Spells              Type           Power      Damage    Failure   Level
a - Sandblast             Erth           74%        2d16      1%          1
b - Passwall              Tmut/Erth      17%        N/A       3%          2
c - Stone Arrow           Conj/Erth      92%        3d12      2%          3

Your spell library contained the following spells:

 Spells                   Type           Power      Damage    Failure   Level
 Apportation              Tloc           2%         N/A       17%         1
 Slow                     Hex            4%         N/A       17%         1
 Petrify                  Tmut/Erth      21%        N/A       22%         4
 Scorch                   Fire           2%         2d5       26%         2
 Flame Wave               Conj/Fire      20%        2d7       43%         4
 Confusing Touch          Hex            1%         N/A       45%         3
 Gell's Gravitas          Tloc           1%         N/A       45%         3
 Teleport Other           Tloc           1%         N/A       45%         3
 Vampiric Draining        Necr           1%         2d6       45%         3
 Alistair's Intoxication  Tmut/Pois      2%         N/A       99%         5
 Dispersal                Tloc           0%         N/A       100%        6
 Summon Cactus Giant      Summ           0%         N/A       100%        6


Dungeon Overview and Level Annotations

Branches:
Dungeon (5/15)
 Temple: D:4-7

Altars:
Elyvilon
Okawaru
Qazlal
The Shining One

Shops:
D:3 :=


Innate Abilities, Weirdness & Mutations

You are immune to sickness and miasma.
Your stone body is resilient. (AC +5)
You are immune to poison.
You resist negative energy. (rN+)
You are resistant to electric shocks. (rElec)
You are resistant to unholy torment.
You are immune to petrification.


Message History

The centaur wields a +0 shortbow.
The centaur shoots an arrow.
The arrow barely misses you.
Your Conjurations skill increases to level 6!
Casting: Stone Arrow (dangerous; 2% risk of failure)
Confirm with . or Enter, or press ? or * to list all spells.
Aiming: Stone Arrow (dangerous; 2% risk of failure)
Press: ? - help, Shift-Dir - straight line, f - orc priest
Aim: an orc priest, wielding a +0 whip (76% to hit)
You feel a surge of power!
The stone arrow misses the orc priest.
The centaur shoots an arrow.
The arrow hits you!
The orc priest looks satisfied for a moment.
A jelly comes into view.
There's nothing to close nearby.
The orc priest calls down the wrath of Beogh upon you.
Pain shoots through your body!
* * * LOW HITPOINT WARNING * * *
You close the door, pushing everything out of the way.
Things that are here:
a curare-tipped dart; a +0 whip A centaur opens the door.
The centaur shoots an arrow.
The arrow hits you but does no damage.
The centaur shoots an arrow.
The arrow closely misses you.
You hear an angry hiss.
The centaur shoots an arrow.
The arrow hits you.
* * * LOW HITPOINT WARNING * * *
Okay, then.
Okay, then.
As you read the scroll of teleportation, it crumbles to dust.
You feel strangely unstable.
The centaur shoots an arrow.
The arrow hits you.
* * * LOW HITPOINT WARNING * * *
The centaur shoots an arrow.
The arrow barely misses you.
A hound comes into view.
Okay, then.
It was a potion of mutation.
You feel extremely strange.
You feel frail.
You feel robust.
The centaur shoots an arrow.
The arrow closely misses you.
It was a potion of might.
You feel very mighty all of a sudden.
The centaur shoots an arrow.
The arrow hits you.
You die...

#####.#...##.##...#.#
#.##...#.#...##.#
#..##.'#.#'.##..########
#####...###..c###...##.....#
............8..........###.### .
........###.hc###...##.#.....###.
....#..## +#.#'†##..##.#...#.....
....#.## #.#.(.##.##.#####.....
....#.# ##.##.@.#)##.. #..###
....#.# ##...##.(#.#### #.##..
....#.####.....####.##### #.##.#
....#...................## #.##.#
..................##.##.##.#..o.#
##'###########.......# .##....{<#
.....#.........####.###.#......##
.....'...####### #.# #.#......#
.....#.#.##########)# #.#......##


You could see a centaur and a hound.

Vanquished Creatures
  A water moccasin (D:5)
  An ice beast (D:5)
  A kobold brigand (D:5)
  Blork the orc (D:4)
  A scorpion (D:5)
  A howler monkey (D:5)
  A hound (D:5)
  4 orc priests (D:5)
  3 sleepcaps
  An iguana (D:5)
  4 orc wizards
  9 adders
  2 dart slugs (D:1)
  7 orcs (D:5)
  9 endoplasms
  3 giant cockroaches (D:1)
  3 goblins
  10 hobgoblins
  9 jackals
  5 quokkas
  8 ball pythons
  6 bats
  4 frilled lizards
  4 kobolds
  3 rats
101 creatures vanquished.

Notes
Turn   | Place    | Note
-------+----------+-------------------------------------------
     0 | D:1      | raph the Gargoyle Earth Elementalist began the quest for
                  | the Orb.
     0 | D:1      | Reached XP level 1. HP: 10/10 MP: 3/3
   183 | D:1      | Reached skill level 4 in Earth Magic
   303 | D:1      | Reached XP level 2. HP: 15/15 MP: 3/5
   495 | D:1      | Learned a level 2 spell: Passwall
   727 | D:1      | Reached XP level 3. HP: 19/19 MP: 4/6
   731 | D:1      | Learned a level 3 spell: Stone Arrow
   758 | D:1      | Reached skill level 5 in Earth Magic
  1728 | D:2      | Reached XP level 4. HP: 24/24 MP: 3/7
  1770 | D:2      | Found an iron altar of Okawaru.
  2003 | D:2      | Reached skill level 6 in Earth Magic
  2627 | D:3      | Identified the +0 ring mail "Ulejocao" {Will+ Int+4}
  2690 | D:3      | Found Heco's Book Shop.
  2894 | D:3      | Found Leffiumi's Jewellery Shop.
  3736 | D:4      | Reached skill level 1 in Conjurations
  3823 | D:4      | Reached XP level 5. HP: 28/28 MP: 1/8
  4451 | D:4      | Noticed Blork the orc
  4457 | D:4      | Killed Blork the orc
  4458 | D:4      | Reached skill level 7 in Earth Magic
  4633 | D:4      | Reached XP level 6. HP: 32/32 MP: 1/9
  5050 | D:5      | Entered Level 5 of the Dungeon
  5411 | D:3      | Bought a ring of magical power for 220 gold pieces
  5688 | D:5      | Found a glowing golden altar of the Shining One.
  5697 | D:5      | Found a white marble altar of Elyvilon.
  5705 | D:5      | Became a worshipper of Elyvilon the Healer
  5776 | D:5      | Reached XP level 7. HP: 36/36 MP: 10/10
  5779 | D:5      | Reached skill level 8 in Earth Magic
  6259 | D:5      | Found a stormy altar of Qazlal.
  6425 | D:5      | Reached skill level 5 in Conjurations
  6540 | D:5      | Reached skill level 9 in Earth Magic
  6543 | D:5      | Reached XP level 8. HP: 26/41 MP: 11/11
  6550 | D:5      | Gained mutation: You are frail. (-10% HP) [potion of
                  | mutation]
  6550 | D:5      | Lost mutation: You are frail. (-10% HP) [potion of
                  | mutation]
  6551 | D:5      | Shot with an arrow by a centaur

Illustrated notes

Levels and vault maps discovered:
D:1:      dpeg_arrival_three_same_balls, layout_basic
D:2:      layout_loops_ring, basic_altar, minmay_puff
D:3:      layout_loops_ring, serial_shops, nicolae_shop_waterfront, shop,
          minmay_misc_feat_diagonals
D:4:      layout_gridville, uniq_blork_the_orc
D:5:      cheibrodos_barr_body, layout_basic, grunt_temple_overflow_open,
          lemuel_tele_altar

Skill      XL: |  1  2  3  4  5  6  7  8 |
---------------+-------------------------+-----
Earth Magic    | 4 5 6 7 9 |  9.3
Conjurations   | 1 2 4 5 6 |  6.1
Dodging        | |  1.5
Stealth        | |  2.1
Spellcasting   | |  2.0
Transmutations | |  0.7

Action                     |  1- 3 |  4- 6 |  7- 9 || total
---------------------------+-------+-------+-------++-------
  Melee: Staff             |       |     4 |       ||     4
   Cast: Sandblast         |    40 |    19 |    11 ||    70
         Stone Arrow       |     2 |    50 |    22 ||    74
    Use: Scroll            |     5 |     6 |     1 ||    12
         Potion            |       |       |     2 ||     2
 Armour: Robe              |     2 |     9 |     8 ||    19
  Dodge: Dodged            |     4 |    18 |    13 ||    35
